AoeStats
← TAZmania

Arabia

511068934Analyzed
1v1 RM · 5h ago on Oct 3, 2026· 19m 27s· 2 players
Game mode
Random Map
Map size
Tiny (2 player)
Population
200
Speed
Normal
Resources
Standard
Victory
Conquest
Starting age
Dark Age
Ending age
Imperial Age
RankedLock teamsTeams togetherTeam positionsShared explorationLock speedFull tech treeHidden civsTurbo modeCheats
Victory
Defeat
749
+17
🇨🇴 Byzantines · Colombia
774
-17
EL RABINO GOLDMAN [BalaDeLeche]
6:44 Loom
9:35 Feudal Age
11:05 Horse Collar
11:15 Double-Bit Axe
TAZmania
10:53 Feudal Age
12:10 Wheelbarrow
11:24 Double-Bit Axe
11:20 Horse Collar
11:31 Loom
16:07 Gold Mining
18:13 Fletching
Connection lost

Rejoining the realm…

Still unreachable

The connection could not be restored.

Session expired

The server has moved on; the page needs a fresh start.